Map: Triton LE

Players

Vindicta - Winner!

  • Race: Terran Terran
  • Spawn Location: 5:00

Bly

  • Race: Zerg Zerg
  • Spawn Location: 11:00

VOD

Have the link to the VOD?

Description

Time

  • Played on: Sept. 6, 2019, 6:53 p.m.
  • Length: 22:25
Show
View Real Time Build Order
Export as new Build Order

Vindicta Terran - Winner!

Build Orders: Reaper Expand 

Get SALT Encoding   

  12  0:00  SCV  
  13  0:12  SCV  
  14  0:17  Supply Depot  
  14  0:24  SCV  
  15  0:38  SCV  
  15  0:39  Barracks  
  16  0:42  Refinery  
  16  0:50  SCV  
  17  1:02  SCV  
  18  1:15  SCV  
  19  1:27  Orbital Command, Reaper  
  20  1:43  Command Center  
  20  1:53  SCV, Supply Depot  
  21  1:59  Marine  
  22  2:05  SCV  
  23  2:10  Factory  
  23  2:18  SCV  
  23  2:19  Barracks Reactor  
  24  2:27  Refinery  
  24  2:30  SCV  
  25  2:42  SCV  
  26  2:54  SCV  
  26  2:56  Starport  
  26  2:57  Orbital Command  
  27  3:01  Hellion x2  
  31  3:06  SCV, Barracks Tech Lab  
  32  3:18  SCV  
  32  3:23  Hellion  
  32  3:26  Hellion  
  36  3:30  SCV  
  36  3:31  SCV  
  38  3:36  Stimpack  
  38  3:37  Marine  
  39  3:42  Viking  
  39  3:47  Supply Depot  
  41  3:49  SCV  
  41  3:52  SCV  
  43  3:56  Hellion  
  43  3:59  Marine  
  46  4:09  SCV, Hellion  
  50  4:11  Supply Depot, Armory  
  50  4:12  SCV  
  49  4:17  Marine  
  49  4:18  Hellion  
  49  4:22  SCV  
  47  4:24  SCV  
  47  4:31  Medivac  
  48  4:34  SCV, Hellion  
  48  4:35  Marine  
  52  4:39  Hellion  
  52  4:43  SCV  
  52  4:45  Supply Depot  
  55  4:46  SCV  
  56  4:53  Marine  
  56  4:55  SCV  
  56  4:59  SCV  
  59  5:07  SCV  
  59  5:11  SCV, Supply Depot  
  59  5:12  Command Center  
  61  5:14  Factory Reactor  
  61  5:19  SCV  
  62  5:22  Barracks  
  62  5:26  Starport Reactor, Combat Shield  
  62  5:27  Barracks  
  62  5:29  SCV  
  62  5:31  SCV  
  62  5:35  Supply Depot  
  64  5:39  Marine  
  64  5:41  SCV  
  66  5:43  SCV  
  66  5:47  Engineering Bay x2  
  65  5:55  SCV  
  65  5:57  Marine  
  60  5:59  SCV  
  60  6:03  Factory Reactor  
  57  6:06  Barracks  
  57  6:07  Factory Tech Lab, SCV  
  57  6:09  Barracks  
  57  6:10  Marine  
  56  6:14  Marine  
  56  6:19  SCV  
  56  6:20  Terran Infantry Armor Level 1, Terran Infantry Weapons Level 1  
  56  6:22  Refinery  
  52  6:26  Marine  
  52  6:27  Refinery  
  52  6:28  Marine  
  52  6:32  Marine, Orbital Command  
  54  6:34  Marine  
  54  6:37  SCV x2  
  59  6:41  Medivac  
  59  6:43  Medivac  
  59  6:44  Marine  
  59  6:46  Marine  
  65  6:49  SCV, Orbital Command  
  65  6:51  Siege Tank  
  65  6:54  Marine x2  
  68  6:58  Barracks Reactor x2  
  71  7:02  Marine  
  71  7:03  SCV x2  
  71  7:04  Marine  
  75  7:11  Marine  
  75  7:12  Marine  
  75  7:14  SCV  
  75  7:15  SCV x2  
  80  7:18  Bunker  
  80  7:20  Marine  
  80  7:23  Siege Tank  
  80  7:26  SCV  
  80  7:28  Marine  
  80  7:29  Marine  
  86  7:31  SCV x2  
  86  7:34  Marine x2  
  86  7:35  Marine x2  
  86  7:36  Factory  
  94  7:39  Marine, SCV, Supply Depot  
  94  7:40  Marine x2  
  94  7:43  SCV x2, Supply Depot  
  98  7:46  Marine  
  99  7:51  SCV  
  99  7:55  SCV  
  101  8:01  Siege Tank, Medivac  
  101  8:02  Marine  
  101  8:03  Refinery  
  101  8:04  Medivac, Concussive Shells  
  101  8:05  Marine, SCV, Supply Depot  
  112  8:08  Marine x2  
  112  8:10  Marine  
  112  8:11  Supply Depot  
  115  8:15  Marine x2, Terran Infantry Weapons Level 2  
  115  8:17  Marine  
  115  8:18  Terran Infantry Armor Level 2  
  117  8:21  Factory Tech Lab  
  117  8:26  Marine x3  
  120  8:27  Marine  
  120  8:31  Supply Depot x2  
  120  8:33  Siege Tank  
  124  8:38  SCV, Supply Depot  
  124  8:40  Marine  
  127  8:43  Marine  
  127  8:46  Siege Tank  
  127  8:48  Marine x2  
  133  8:50  Terran Vehicle Weapons Level 1  
  133  8:52  Supply Depot  
  133  8:54  Marine  
  133  8:55  Marine x2  
  136  8:58  Marine x2  
  136  9:04  Marine, Barracks x2  
  136  9:05  Marine  
  136  9:09  Marine, Barracks  
  141  9:10  Marauder  
  140  9:20  Siege Tank  
  140  9:21  Marine  
  140  9:22  Marine x2  
  140  9:23  Siege Tank  
  143  9:24  Medivac  
  143  9:26  Marine, Medivac  
  143  9:29  Marine  
  146  9:40  Marine, Marauder, Supply Depot, Sensor Tower  
  146  9:41  Marine x2  
  146  9:42  Marine  
  146  9:43  SCV  
  153  9:48  Marine x2  
  153  9:51  Marine x2  
  153  9:52  Refinery  
  157  9:54  Barracks Tech Lab  
  157  9:58  Marine x2  
  156  10:00  Marine  
  156  10:01  Marine  
  156  10:02  Marauder  
  156  10:04  Barracks Tech Lab  
  156  10:06  Marine  
  161  10:07  Marine  
  161  10:13  Marine, Siege Tank  
  161  10:14  Marine  
  167  10:19  Supply Depot  
  167  10:23  Marauder  
  167  10:24  Marine x2  
  167  10:25  Marauder  
  176  10:28  Barracks Tech Lab  
  176  10:29  Marine x2  
  176  10:31  Marine  
  176  10:35  Marine  
  181  10:36  Marine x2  
  181  10:39  Terran Infantry Weapons Level 3  
  179  10:45  Marine x2  
  179  10:47  Missile Turret  
  179  10:56  Marine x2  
  178  11:01  Marine, Marauder  
  178  11:03  Siege Tank  
  178  11:04  Command Center, Widow Mine  
  180  11:06  Marine  
  180  11:10  Medivac x2  
  180  11:13  Marine  
  180  11:14  Marine  
  182  11:19  Marine x4  
  186  11:29  Marine  
  189  11:39  Marine  
  189  11:40  Marine  
  189  11:41  Marine  
  189  11:42  Siege Tank  
  189  11:45  Command Center  
  185  11:47  Thor  
  185  11:49  Marine  
  185  11:53  Supply Depot  
  189  11:58  Marine x2, Terran Infantry Armor Level 3, Supply Depot  
  165  12:11  Marine, Marauder  
  165  12:12  Marine  
  165  12:15  Widow Mine  
  159  12:17  Marine, Medivac x2  
  159  12:18  Marauder  
  159  12:19  Marine x4  
  159  12:20  Marine x2  
  159  12:22  Marine  
  170  12:29  Marine  
  171  12:30  Marine, Widow Mine  
  171  12:33  Marauder  
  171  12:36  Siege Tank  
  179  12:37  Marine  
  179  12:39  Marine, Marauder  
  169  12:47  Marine x2, Medivac  
  169  12:48  Marauder  
  169  12:50  Marine  
  169  12:51  Marine  
  177  12:52  Widow Mine  
  177  12:54  Marine  
  178  12:59  Sensor Tower  
  178  13:00  SCV x3  
  181  13:09  Marine, Marauder  
  181  13:12  SCV x2, Drilling Claws  
  186  13:15  Missile Turret  
  186  13:19  Missile Turret  
  186  13:21  Marine, Hellbat  
  186  13:25  Marine  
  186  13:26  Marauder x2  
  191  13:41  SCV x3  
  187  13:44  Marine x2  
  187  13:47  Marine  
  189  13:53  Marine, SCV x3  
  191  14:01  Missile Turret  
  191  14:02  Missile Turret  
  183  14:05  SCV x3, Planetary Fortress  
  183  14:08  Marine, Widow Mine  
  183  14:09  Marauder, Widow Mine  
  190  14:22  Marine  
  190  14:23  Marine x2, Marauder  
  190  14:30  Marauder  
  190  14:33  Starport  
  190  14:34  Starport  
  190  14:36  Fusion Core  
  192  14:38  Widow Mine  
  192  14:39  Marine  
  192  14:41  Marauder  
  192  14:44  Marine, Widow Mine  
  192  14:45  Marauder  
  200  15:02  Marine x2  
  200  15:04  Marine x2  
  197  15:10  Thor  
  197  15:11  Marine x3  
  196  15:14  Widow Mine  
  196  15:16  Medivac x2  
  196  15:19  Marine  
  196  15:20  Marine  
  198  15:22  Marine  
  198  15:25  Marine  
  200  15:30  Command Center  
  200  15:34  Widow Mine  
  194  15:40  Marine  
  194  15:41  Widow Mine  
  194  15:42  Marine  
  198  15:47  Starport Reactor  
  198  15:49  Marine  
  199  15:54  Liberator  
  200  16:03  Marine  
  196  16:04  Marine x4  
  196  16:06  Marine  
  196  16:07  Marine  
  196  16:08  Widow Mine  
  196  16:09  Liberator  
  196  16:10  Thor  
  197  16:21  Marine  
  197  16:22  Marine x2  
  196  16:28  Marine  
  196  16:31  Marine, Marauder  
  196  16:32  Marauder  
  195  16:34  Medivac x2, Starport Tech Lab  
  195  16:37  Missile Turret  
  195  16:38  Missile Turret  
  195  16:39  Marine x2, Widow Mine, Missile Turret  
  196  16:40  Marauder  
  196  16:46  Marine, Terran Ship Weapons Level 1  
  196  16:49  Marine  
  198  16:54  Widow Mine  
  197  17:03  Widow Mine x2  
  200  17:09  Planetary Fortress  
  200  17:13  Medivac  
  200  17:15  Marine x2  
  200  17:19  Barracks Tech Lab x2  
  200  17:24  Widow Mine  
  200  17:29  Liberator x3  
  200  17:31  Marauder  
  200  17:32  Liberator  
  200  17:33  Liberator  
  200  17:34  Marine, Marauder  
  196  17:42  Marauder  
  187  17:46  Marauder, Advanced Ballistics  
  192  17:53  Marauder  
  192  17:55  Marauder  
  192  17:56  Marauder  
  198  18:02  Command Center  
  183  18:05  Marauder  
  183  18:07  Marauder  
  183  18:11  Liberator, Thor  
  183  18:12  Liberator  
  185  18:15  Liberator, Marauder  
  185  18:19  Missile Turret  
  187  18:23  Marauder  
  189  18:28  Marauder  
  189  18:29  Marauder  
  189  18:31  Marauder  
  199  18:50  Command Center  
  197  18:57  Ghost Academy, Barracks  
  197  18:58  Barracks, Marauder  
  199  19:04  Marine  
  198  19:12  Marauder  
  198  19:16  Terran Ship Weapons Level 2  
  200  19:19  Marauder  
  200  19:20  Refinery  
  200  19:21  Refinery  
  200  19:28  Thor  
  195  19:39  Liberator  
  195  19:41  Marine x2, Marauder  
  195  19:42  Marine, Marauder x2  
  195  19:43  Marauder  
  177  19:58  Marine x2  
  174  20:00  Marauder  
  174  20:02  Marine  
  174  20:03  Marine  
  174  20:04  Marauder x2  
  167  20:16  Marine x2, Orbital Command  
  167  20:17  Widow Mine  
  167  20:20  Marauder  
  167  20:21  Marine x2  
  149  20:23  Liberator, Widow Mine  
  149  20:24  Marine, Liberator  
  149  20:25  Marine  
  149  20:28  Liberator  
  132  20:32  Barracks, SCV  
  132  20:33  Liberator, Barracks  
  132  20:34  Marine x2  
  125  20:37  Orbital Command  
  125  20:39  Marauder, Widow Mine  
  125  20:40  Marauder  
  125  20:42  Marine x2, SCV, Marauder  
  134  20:44  SCV  
  134  20:46  SCV  
  141  20:52  Marine x2  
  141  20:56  SCV  
  143  21:00  Marine x4  
  143  21:03  Marauder  
  147  21:05  Widow Mine x2  
  147  21:10  Marine x2  
  146  21:18  Marine, Marauder  
  138  21:19  Marauder x2  
  138  21:24  Marauder  
  144  21:27  Marine  
  144  21:28  Marine  
  144  21:30  Marine  
  144  21:31  Marine  
  144  21:32  Refinery  
  146  21:33  Refinery  
  146  21:35  Widow Mine x2  
  146  21:36  Marauder  
  146  21:39  Marine  
  149  21:40  Marauder x2, Missile Turret  
  149  21:44  SCV  
  149  21:45  Marine x2, SCV  
  149  21:46  SCV, Marauder, Refinery  
  157  21:47  Refinery  
  157  21:48  Marine  
  157  21:49  Marine  
  155  21:56  Hellion  
  155  21:57  Marine x2  
  155  22:01  Marine x2  
  157  22:03  Marine x2  
  157  22:05  Marine  
  157  22:07  Marine  
Show
View Real Time Build Order
Export as new Build Order

Bly Zerg 

Build Orders: Hatch First, Muta Ling Bane 

Get SALT Encoding   

  12  0:01  Drone  
  13  0:12  Overlord  
  13  0:21  Drone  
  14  0:31  Drone x2  
  16  0:48  Hatchery  
  15  0:51  Drone  
  15  0:55  Drone  
  17  0:58  Drone  
  18  1:09  Extractor  
  17  1:14  Spawning Pool  
  17  1:16  Drone  
  17  1:19  Drone  
  18  1:29  Drone  
  19  1:38  Drone  
  20  1:52  Overlord  
  20  2:00  Queen x2  
  24  2:01  Zergling x4  
  26  2:13  Metabolic Boost, Drone x2  
  28  2:25  Drone x2  
  30  2:35  Hatchery  
  28  2:44  Drone x2  
  30  2:49  Drone x2  
  30  2:51  Queen  
  32  2:56  Overlord  
  34  3:06  Overlord  
  34  3:13  Drone x2  
  34  3:15  Overlord  
  36  3:24  Zergling x6  
  38  3:30  Zergling x4  
  38  3:32  Pneumatized Carapace  
  40  3:39  Drone  
  41  3:46  Drone x4  
  45  3:51  Queen  
  45  3:52  Drone x2  
  49  3:58  Overlord  
  49  4:02  Zergling x4  
  51  4:05  Drone  
  51  4:06  Drone x2  
  51  4:09  Overlord  
  54  4:15  Evolution Chamber  
  52  4:20  Drone x6  
  52  4:24  Overlord  
  55  4:32  Drone x5  
  55  4:34  Evolution Chamber x2  
  55  4:38  Extractor  
  57  4:42  Drone  
  57  4:43  Drone x2  
  60  4:50  Extractor  
  59  4:53  Zergling x4  
  59  4:54  Zergling x6  
  59  4:55  Zergling x2  
  59  4:58  Hatchery  
  64  5:04  Extractor  
  64  5:05  Lair  
  63  5:12  Spine Crawler  
  62  5:15  Spine Crawler  
  61  5:24  Zergling x24, Spine Crawler  
  72  5:29  Roach Warren  
  71  5:37  Overlord  
  70  5:46  Overlord  
  51  6:01  Zergling x14  
  51  6:04  Overlord  
  55  6:06  Overlord  
  55  6:17  Drone x3  
  55  6:26  Drone x2  
  55  6:28  Drone x3  
  55  6:32  Zerg Ground Armor Level 1  
  60  6:33  Zerg Melee Weapons Level 1, Glial Reconstitution  
  60  6:35  Baneling Nest  
  60  6:36  Drone x3  
  62  6:45  Roach x4  
  70  6:52  Hatchery  
  70  6:53  Roach x2  
  73  6:56  Roach x2  
  73  6:57  Roach x3  
  73  6:59  Queen  
  73  7:00  Queen  
  87  7:02  Drone  
  87  7:04  Drone x3  
  87  7:05  Drone  
  92  7:22  Drone x8  
  100  7:25  Centrifical Hooks  
  100  7:26  Drone x4  
  103  7:30  Drone x2  
  103  7:31  Drone  
  103  7:34  Drone x3  
  103  7:36  Extractor  
  108  7:37  Extractor  
  107  7:49  Drone  
  107  7:51  Overlord  
  107  7:52  Overlord  
  107  7:54  Overlord x2  
  107  7:55  Zergling x8  
  111  7:59  Overlord  
  111  8:01  Baneling x3  
  111  8:07  Zergling x2  
  111  8:08  Zergling x10  
  111  8:10  Overlord x4  
  117  8:18  Baneling x8  
  117  8:19  Overseer  
  117  8:22  Overlord  
  116  8:31  Overlord  
  114  8:34  Zergling x2  
  114  8:35  Zergling x18  
  114  8:36  Burrow  
  114  8:37  Zerg Ground Armor Level 2  
  114  8:40  Zerg Melee Weapons Level 2  
  123  8:45  Spire  
  122  8:49  Extractor  
  121  8:58  Zergling x24  
  121  9:01  Baneling x4  
  121  9:02  Baneling x2  
  132  9:10  Overlord  
  130  9:24  Zergling x2  
  130  9:25  Zergling x24  
  143  9:32  Roach x5  
  143  9:33  Spawning Pool  
  143  9:34  Baneling x2  
  143  9:35  Baneling  
  152  9:59  Mutalisk x4  
  150  10:00  Mutalisk x6  
  150  10:03  Extractor  
  169  10:07  Zerg Flyer Weapons Level 1  
  169  10:18  Overlord x2  
  169  10:28  Extractor  
  167  10:31  Mutalisk x8  
  167  10:34  Zergling x22  
  195  10:43  Hatchery  
  195  10:45  Zergling x12  
  197  10:53  Zergling x10  
  199  10:57  Zerg Missile Weapons Level 1  
  184  11:12  Baneling x12  
  184  11:16  Zergling x28  
  184  11:17  Zergling x2  
  199  11:35  Mutalisk  
  199  11:36  Mutalisk  
  199  11:38  Overlord  
  182  11:57  Zergling x32  
  196  12:05  Zergling x2  
  196  12:06  Zergling x6  
  180  12:12  Zergling x4  
  167  12:18  Zergling x2  
  167  12:19  Zergling x10  
  167  12:22  Baneling x10  
  168  12:23  Overseer, Baneling x6  
  168  12:25  Infestation Pit  
  167  12:33  Mutalisk x7  
  168  12:52  Zergling x20  
  168  12:58  Hatchery  
  177  13:05  Zerg Flyer Weapons Level 2, Hive  
  177  13:06  Infestor x2  
  177  13:07  Zergling x14  
  188  13:17  Overseer  
  188  13:18  Overseer  
  188  13:40  Zergling x28, Extractor  
  181  14:01  Mutalisk x9  
  181  14:02  Overseer  
  198  14:11  Hatchery  
  197  14:41  Zergling x4  
  199  14:45  Ultralisk Cavern  
  198  15:06  Hatchery  
  185  15:16  Zergling x36  
  185  15:18  Baneling x9  
  185  15:19  Baneling x8  
  185  15:20  Baneling x7  
  182  15:37  Zergling x6, Ultralisk  
  182  15:38  Zergling x6  
  194  15:48  Zergling x12  
  176  16:14  Spawning Pool  
  173  16:25  Chitinous Plating  
  157  16:45  Ultralisk x7  
  193  17:14  Zergling x2, Ultralisk  
  174  17:43  Zergling x30  
  189  17:52  Greater Spire  
  189  17:58  Hatchery  
  188  18:05  Zergling x22  
  197  18:07  Hatchery  
  194  18:24  Infestor x3  
  199  18:40  Extractor  
  192  19:09  Corruptor x3  
  191  19:10  Corruptor  
  191  19:16  Hatchery  
  194  19:22  Drone  
  194  19:23  Drone x5  
  186  19:41  Zergling x14  
  165  19:56  Zergling x10  
  132  20:16  Zergling x14  
  96  20:32  Infestor x2  
  90  20:44  Baneling  
  90  20:45  Infestor, Baneling x6  
  87  21:02  Corruptor  
  74  21:11  Zergling x18  
  74  21:14  Baneling x2  
  74  21:16  Baneling x2  
  52  21:46  Zergling x16  
  57  21:55  Roach  
Tags
 
Add a new tag
Caveats
  • Supply blocks, unpowered buildings, or Contaminate may cause inaccurate times.
  • Supply counts are checked every 10 seconds.